 Dungeon Crawl Stone Soup version 0.30-a0-859-gf88a04b62d (webtiles) character file.

Game seed: 15954648529584704568

2311 ProzacElf the Basher (level 10, -9/78 (81) HPs)
             Began as a Meteoran Cinder Acolyte on Mar 6, 2023.
             Was a High Priest of Ignis.
             Mangled by a two-headed ogre
             ... wielding a +2 dire flail of draining
              (29 damage)
             ... on level 8 of the Dungeon.
             The game lasted 00:15:36 (3718 turns).

ProzacElf the Basher (Meteoran Cinder Acolyte)      Turns: 3718, Time: 00:15:36

HP:   -9/78 (81)    AC:  6    Str: 30    XL:     10   Next: 0%
MP:   11/14         EV: 14    Int: 17    God:    Ignis [*****.]
Gold: 173           SH:  0    Dex: 11    Spells: 11/13 levels left

rFire   + . .      SeeInvis .    a - +0 flail
rCold   . . .      Faith    .    (no shield)
rNeg    . . .      Spirit   .    h - +0 ring mail
rPois   .          Reflect  .    (no helmet)
rElec   .          Rampage  .    z - +0 cloak
rCorr   .                        (no gloves)
Will    +....                    (no boots) Stlth
                                 F - amulet of magic regeneration
HPRegen 0.33/turn                v - +6 ring of strength
MPRegen 0.54/turn                u - +6 ring of strength

@: glowing, lightly drained
A: sense surroundings 2, otherworldly, glowing, explore regen
a: Renounce Religion, Fiery Armour, Foxfire Swarm, Rising Flame


You were on level 8 of the Dungeon.
You worshipped Ignis.
Ignis was extremely pleased with you.
You visited 1 branch of the dungeon, and saw 8 of its levels.

You collected 173 gold pieces.

Inventory:

Hand Weapons
 a - a +0 flail (weapon)
 b - a +0 sling
 n - a -1 mace of flaming
 x - a +1 hammer of draining
 y - a +2 quarterstaff of chaos
 G - a +1 whip of freezing
Missiles
 f - 2 atropa-tipped darts
 g - 44 stones
 r - 5 poisoned darts (quivered)
 A - 5 boomerangs
Armour
 e - a +0 robe
 h - a +0 ring mail (worn)
 o - a +0 scale mail
 t - a +0 chain mail
 z - a +0 cloak (worn)
Jewellery
 u - a +6 ring of strength (right hand)
 v - a +6 ring of strength (left hand)
 F - an amulet of magic regeneration (around neck)
Wands
 j - a wand of flame (15)
 B - a wand of light (1)
Scrolls
 i - a scroll of brand weapon {unknown}
 k - 2 scrolls of poison {unknown}
 l - a scroll of enchant armour {unknown}
 m - a scroll of magic mapping {unknown}
 q - 2 scrolls of blinking
 s - a scroll of torment {unknown}
 w - a scroll of immolation
 C - a scroll of enchant weapon {unknown}
 E - a scroll of teleportation
Potions
 c - 4 potions of curing {unknown}
 d - 3 potions of haste
 p - 4 potions of lignification
 D - a potion of ambrosia {!e}


   Skills:
 - Level 5.0 Fighting
 - Level 10.0 Maces & Flails
 + Level 1.9 Throwing
 + Level 1.8 Armour
 - Level 10.0 Dodging
 - Level 2.0 Spellcasting
 - Level 5.0 Fire Magic
 + Level 1.8 Evocations


You had 11 spell levels left.
You knew the following spells:

 Your Spells              Type           Power      Damage    Failure   Level
a - Scorch                Fire           36%        2d7       5%          2

Your spell library contained the following spells:

 Spells                   Type           Power      Damage    Failure   Level
 Apportation              Tloc           2%         N/A       26%         1
 Necrotise                Necr           4%         1d4       26%         1
 Summon Small Mammal      Summ           4%         N/A       26%         1
 Portal Projectile        Hex/Tloc       2%         N/A       63%         3
 Tukima's Dance           Hex            1%         N/A       63%         3
 Blade Hands              Tmut           0%         N/A       100%        5


Dungeon Overview and Level Annotations

Branches:
Dungeon (8/15) Zot: 1089
 Temple: D:4-7         Lair: D:8-11

Altars:
Ashenzari
Cheibriados
Dithmenos
Elyvilon
Gozag
Hepliaklqana
Kikubaaqudgha
Makhleb
Uskayaw
Wu Jian
Yredelemnul

Shops:
D:4 :


Innate Abilities, Weirdness & Mutations

You passively map the area around you.
You are easily found by Zot.
You glow in the dark.
You regain HP and MP as you explore.


Message History

Ye barely miss tha howler monkey.
Tha howler monkey misses ye.
Ye closely miss tha howler monkey.
Tha howler monkey barely misses ye.
An orc comes inta view.
It be wieldin' a +0 short sword.
Tha howler monkey hits ye.
Ye take 4 damage, an' haf 37/74 hp.
Ye be too injured ta fight recklessly!
Ye be too injured ta fight recklessly!
Ye be too injured ta fight recklessly!
Ye be too injured ta fight recklessly!
Ye thump tha howler monkey!
Tha howler monkey be severely wounded.
Tha howler monkey closely misses ye.
Ye hit tha howler monkey.
Ye punch tha howler monkey.
Ye kill tha howler monkey!
Tha orc hits ye but does nay damage.
Ye haf reached level 10!
Ye regain'd 4 hp, an' now haf 41/81 hp.
MP restored: 14 Ye sock tha orc!
Ye kill tha orc!
A two-headed ogre comes inta view.
It be wieldin' a +2 dire flail o' drainin' an' a +0 giant spiked club.
Thin's tha be 'ere: a +0 short sword; a +0 rin' mail; an orc corpse Castin': Scorch (safe; 5% risk o' failure) Confirm wit' . or Enter, or press ? or * ta list all spells.
Flames lash tha two-headed ogre.
Tha two-headed ogre be lightly wounded.
Tha two-headed ogre's fire resistance burns away.
Ye now haf 12/14 mp.
Castin': Scorch (safe; 5% risk o' failure) Confirm wit' . or Enter, or press ? or * ta list all spells.
Flames lash tha two-headed ogre but do nay damage.
Ye hear an angry hiss.
Ye now haf 11/14 mp.
Tha two-headed ogre attacks as ye move away!
Tha two-headed ogre hits ye wit' a +2 dire flail o' drainin'!
Ye feel drain'd.
* * * LOW HITPOINT WARNIN'
* * * Tha two-headed ogre hits ye wit' a +0 giant spiked club!!
Ye die...

, , , .... * * **
+ .#.., ,, ,*, *
* * * *, ,..# *
,, , * ,*, , #,
... * *
*###.##.######. *
, *
#............. ,
* , ,
*##.########.# ,
* #...[.......#
**
#...#@##..#......
* , ,
,,###..O#<..#
#.### *
###...#.....#, *
** , ,*,
###.....#.# , * *
,.##..... * * ##
....#... , * ,* ,
, #...#### * , **
, .... , , ,
.#.##****


You could see a two-headed ogre (combustible).

Vanquished Creatures
  Pikel (D:8)
  Grinder (D:3)
  A wyvern (D:7)
  Eustachio (D:4)
  2 water moccasins
  An ice beast (D:3)
  A black bear (D:6)
  A sky beast (D:6)
  A bullfrog (D:7)
  A gnoll sergeant (D:6)
  2 scorpions
  A howler monkey (D:8)
  Crazy Yiuf (D:4)
  2 orc priests
  8 hounds
  An iguana (D:5)
  3 orc wizards
  4 adders
  4 gnolls (D:6)
  A white imp (D:7)
  2 ufetubi
  2 worms
  A dart slug (D:3)
  19 orcs
  3 ball pythons
  7 bats
  6 endoplasms
  A giant cockroach (D:3)
  3 goblins
  4 hobgoblins
  5 quokkas
  3 frilled lizards
  3 kobolds
  A rat (D:2)
98 creatures vanquished.

Notes
Turn   | Place    | Note
-------+----------+-------------------------------------------
     0 | D:1      | ProzacElf the Meteoran Cinder Acolyte began the quest for
                  | the Orb.
     0 | D:1      | Reached XP level 1. HP: 19/19 MP: 3/3
   121 | D:1      | Reached XP level 2. HP: 26/26 MP: 5/5
   314 | D:2      | Learned a level 2 spell: Scorch
   333 | D:2      | Reached XP level 3. HP: 31/31 MP: 7/7
   691 | D:2      | Reached XP level 4. HP: 15/38 MP: 5/8
   813 | D:3      | Noticed Grinder
   820 | D:3      | Paralysed by Grinder for 2 turns
   825 | D:3      | Killed Grinder
   826 | D:3      | Reached skill level 5 in Fire Magic
   826 | D:3      | Reached XP level 5. HP: 30/45 MP: 1/9
   826 | D:3      | Reached XP level 6. HP: 34/51 MP: 1/10
  1167 | D:3      | Found an ornate altar of the Wu Jian Council.
  1168 | D:3      | Found a basalt altar of Yredelemnul.
  1174 | D:3      | Found a hide-covered altar of Uskayaw.
  1175 | D:3      | Found a shadowy altar of Dithmenos.
  1177 | D:3      | Found a hazy altar of Hepliaklqana.
  1177 | D:3      | Found an opulent altar of Gozag.
  1178 | D:3      | Found a white marble altar of Elyvilon.
  1181 | D:3      | Found an ancient bone altar of Kikubaaqudgha.
  1184 | D:3      | Found a broken altar of Ashenzari.
  1196 | D:3      | Reached XP level 7. HP: 51/57 MP: 9/11
  1377 | D:4      | You fall into a shaft and drop 3 floors!
  1380 | D:7      | Noticed a wyvern
  1388 | D:7      | Killed a wyvern
  1485 | D:7      | Reached skill level 5 in Fighting
  1485 | D:7      | Reached XP level 8. HP: 50/68 MP: 12/12
  1548 | D:6      | Reached skill level 1 in Dodging
  1726 | D:6      | Reached skill level 10 in Maces & Flails
  1869 | D:5      | Entered Level 5 of the Dungeon
  2038 | D:4      | Found a runed translucent door.
  2039 | D:4      | Noticed Crazy Yiuf
  2046 | D:4      | Killed Crazy Yiuf
  2047 | D:4      | Reached skill level 5 in Dodging
  2171 | D:4      | Noticed Eustachio
  2191 | D:4      | Killed Eustachio
  2192 | D:4      | Gained mutation: You passively map the area around you.
                  | [Meteoran growth]
  2192 | D:4      | Reached XP level 9. HP: 57/74 MP: 2/13
  2317 | D:4      | Found Kywkuh's Tremendous Tomes.
  2773 | D:5      | Found a snail-covered altar of Cheibriados.
  2836 | D:6      | Found a burning altar of Makhleb.
  3681 | D:8      | Noticed Pikel
  3699 | D:8      | Killed Pikel
  3700 | D:8      | Reached skill level 10 in Dodging
  3700 | D:8      | Reached skill level 1 in Throwing
  3700 | D:8      | Reached skill level 1 in Armour
  3700 | D:8      | Reached skill level 1 in Evocations
  3714 | D:8      | Reached XP level 10. HP: 41/81 MP: 14/14
  3715 | D:8      | Noticed a two-headed ogre
  3718 | D:8      | Mangled by a two-headed ogre

Illustrated notes

Levels and vault maps discovered:
D:1:      shiori_arrival_elements, layout_basic, minivault_24
D:2:      kennysheep_the_goblin_king, layout_basic
D:3:      layout_loops_ring, nicolae_overflow_hallway_of_the_gods, uniq_grinder,
          uniq_jessica
D:4:      layout_gridville, nicolae_shop_i_like_big_books,
          uniq_crazy_yiuf_cottage, uniq_blork_the_orc, uniq_eustachio
D:5:      layout_basic, kennysheep_mini_moat, minmay_temple_entry_poolview
D:6:      layout_basic, mainiacjoe_overflow_paths
D:7:      nzn_winding_woodlands_small
          [nzn_winding_woodlands_5x15_pathside_ponds,
          nzn_winding_woodlands_center_triple_pond,
          nzn_winding_woodlands_5x15_jagged], layout_basic, uniq_menkaure
D:8:      minmay_the_grid_four_pointed_star
          [minmay_the_grid_triangle_9x9_wacky_v,
          minmay_the_grid_triangle_9x9_negative_grid,
          minmay_the_grid_triangle_9x9_checkered,
          minmay_the_grid_triangle_9x9_steps,
          minmay_the_grid_prize_four_corners_diamond_b], layout_basic,
          uniq_pikel, uniq_maurice

Skill      XL: |  1  2  3  4  5  6  7  8  9 |
---------------+----------------------------+-----
Spellcasting   | 2 |  2.0
Fire Magic     | 4 5 |  5.0
Maces & Flails | 7 8 9 10 | 10.0
Fighting       | 5 |  5.0
Dodging        | 6 10 | 10.0
Throwing       | 1 |  1.9
Armour         | 1 |  1.8
Evocations     | 1 |  1.8

Action                     |  1- 3 |  4- 6 |  7- 9 | 10-12 || total
---------------------------+-------+-------+-------+-------++-------
  Melee: Mace              |    75 |    11 |     4 |       ||    90
         Flail             |       |    18 |   195 |     1 ||   214
         Punch             |       |     1 |     2 |       ||     3
   Cast: Scorch            |     1 |     9 |    38 |     2 ||    50
  Evoke: Wand              |       |       |     2 |       ||     2
    Use: Scroll            |       |       |     8 |       ||     8
 Armour: Robe              |     9 |       |       |       ||     9
         Ring mail         |    12 |     8 |    84 |       ||   104
  Dodge: Dodged            |    43 |     8 |   128 |       ||   179

Table legend: (Time is in decaauts)
 A = Elapsed time spent in this place.
 B = Non-inter-level travel time spent in this place.
 C = Inter-level travel time spent in this place.
 D = Time resting spent in this place.
 E = Time spent auto-exploring this place.
 F = Levels seen in this place.
 G = Mean time per level.
                   A        B        C        D        E       F      G
               +--------+--------+--------+--------+--------+-----+--------+
         Total |   3710 |   3557 |    153 |    832 |   1334 |   8 |  463.8 |
       Dungeon |   3710 |   3557 |    153 |    832 |   1334 |   8 |  463.8 |
               +--------+--------+--------+--------+--------+-----+--------+

Top non-repeatable levels by time:
     D:6: 1115 daAuts
     D:3: 578 daAuts
     D:5: 535 daAuts
     D:2: 422 daAuts
     D:1: 404 daAuts
     D:4: 374 daAuts
     D:7: 241 daAuts
     D:8: 38 daAuts
